 Dungeon Crawl Stone Soup version 0.21-a0-344-g2144152 (webtiles) character file.

60 FrankyJ the Poker (level 3, -1/27 HPs)
             Began as a Demonspawn Gladiator on Oct 4, 2017.
             Slain by a hobgoblin (2 damage)
             ... on level 3 of the Dungeon.
             The game lasted 00:03:24 (1776 turns).

FrankyJ the Poker (Demonspawn Gladiator)            Turns: 1776, Time: 00:03:24

Health: -1/27      AC:  6    Str: 14 (15) XL:     3   Next: 82%
Magic:  3/3        EV: 12    Int:  6 (9)  God:
Gold:   182        SH:  0    Dex: 11 (14) Spells: 2/2 levels left

rFire    . . .     SeeInvis .   a - +0 trident
rCold    . . .     Gourm    .   (no shield)
rNeg     . . .     Faith    .   b - +0 leather armour
rPois    .         Spirit   .   c - +0 helmet
rElec    .         Reflect  .   (no cloak)
rCorr    +         Harm     .   (no gloves)
MR       .....                  (no boots)
Stlth    +.........             (no amulet)
HPRegen  0.09/turn              n - ring of resist corrosion
MPRegen  0.08/turn              (no ring)

@: no status effects
A: icy blue scales 1
a: no special abilities


You were on level 3 of the Dungeon.
You were not hungry.

You visited 1 branch of the dungeon, and saw 3 of its levels.

You collected 182 gold pieces.

Inventory:

Hand Weapons
 a - a +0 trident (weapon)
Missiles
 d - 4 throwing nets (quivered)
Armour
 b - a +0 leather armour (worn)
 c - a +0 helmet (worn)
Jewellery
 n - a ring of resist corrosion (left hand)
Scrolls
 e - 6 scrolls of identify
 i - 2 scrolls of remove curse
Potions
 h - a potion of ambrosia {unknown}
 k - a potion of flight {unknown}
 m - a potion of degeneration
 o - a potion of curing {unknown}
Comestibles
 f - a bread ration
 l - a meat ration


   Skills:
 - Level 2.0 Fighting
 + Level 3.3 Polearms
 + Level 2.5 Throwing
 + Level 3.3 Dodging


You had 2 spell levels left.
You didn't know any spells.

Dungeon Overview and Level Annotations

Branches:
Dungeon (3/15)

Altars:
Zin
The Shining One


Innate Abilities, Weirdness & Mutations

You are partially covered in icy blue scales. (AC +2)


Message History

* * * LOW HITPOINT WARNING * * *
The jackal barely misses you. The jackal closely misses you.
The gnoll barely misses you.
The hobgoblin hits you but does no damage.
The jackal barely misses you.
As you read the scroll labeled OCHOEM PADYU, it crumbles to dust.
The scroll dissolves into smoke.
It was a scroll of fog.
The jackal closely misses you. x2; The jackal barely misses you.
The frilled lizard unfolds its giant frill.
The jackal closely misses you.
The orc hits you with a dagger of speed.
* * * LOW HITPOINT WARNING * * *
The jackal bites you but does no damage.
The gnoll closely misses you. The hobgoblin barely misses you.
The jackal barely misses you. The jackal bites you.
* * * LOW HITPOINT WARNING * * *
The bat barely misses you. The orc closely misses you. The jackal misses you.
The gnoll barely misses you. The hobgoblin hits you.
You die...

.....
#.....!....#
...g
##g.........
.g#
#####.(........
.
#...#..........
#...#g........#
#...#.g...l...#
+...g..........
#boh###..######
#.@hlS...#
#.ghh....#
#..ยง.....#
#.........#
#.........#
#.........#
#.......... #.
#........#. #.#
#.#


You could see a gnoll, an orc, 4 jackals, a hobgoblin, a bat and a frilled
lizard.

Vanquished Creatures
  An adder (D:2)
  2 worms (D:2)
  2 dart slugs
  A leopard gecko (D:1)
  3 giant cockroaches
  2 goblins (D:1)
  7 hobgoblins
  2 jackals (D:1)
  A quokka (D:2)
  7 bats
  A frilled lizard (D:1)
  A jackal zombie (D:2)
  3 kobolds
  8 rats
41 creatures vanquished.

Notes
Turn   | Place    | Note
-------+----------+-------------------------------------------
     0 | D:1      | FrankyJ the Demonspawn Gladiator began the quest for the Orb.
     0 | D:1      | Reached XP level 1. HP: 16/16 MP: 1/1
    23 | D:1      | Noticed an electric eel
   168 | D:1      | Gained mutation: You are partially covered in icy blue scales. (AC +2) [demonic ancestry]
   168 | D:1      | Reached XP level 2. HP: 22/22 MP: 2/2
   682 | D:2      | Reached XP level 3. HP: 27/27 MP: 3/3
   800 | D:2      | Found a glowing golden altar of the Shining One.
  1248 | D:2      | Found a glowing silver altar of Zin.
  1776 | D:3      | HP: 1/27 [jackal (3)]
  1776 | D:3      | Slain by a hobgoblin

Vault maps used:
D:1:      arrival_aquarium_a
D:2:      tso_oasis_becter, zin_statuary, minmay_tree_intersection

Skill      XL: |  1  2 |
---------------+-------+-----
Throwing       | 2 |  2.5
Dodging        | 3 |  3.3
Polearms       | 3 |  3.3
Fighting       | |  2.0

Action                   || total
-------------------------++-------
Melee: Trident           ||   125
  Use: Scroll            ||     3
       Potion            ||     1
 Stab: Sleeping          ||     5
  Eat: Chunk             ||     3
Armor: Leather armour    ||    53
Dodge: Dodged            ||   116

Table legend:
 A = Spawn XP
 B = Non-spawn XP
 C = Spawn XP percentage of total XP
 D = Spawn monster count
 E = Non-spawn monster count
 F = Spawn count percentage of total count
 G = Total turns spent on level
                    A         B        C        D         E        F      G
               +---------+---------+-------+---------+---------+-------+---------
         Total |       0 |      87 |   0.0 |       0 |      41 |   0.0 |  1776
               +---------+---------+-------+---------+---------+-------+---------
           D:1 |       0 |      39 |   0.0 |       0 |      23 |   0.0 |   663
           D:2 |       0 |      46 |   0.0 |       0 |      16 |   0.0 |  1062
           D:3 |       0 |       2 |   0.0 |       0 |       2 |   0.0 |    51
               +---------+---------+-------+---------+---------+-------+---------
